Map: Acropolis LE

Players

WetGranyFuks

  • Race: Zerg Zerg
  • Spawn Location: 11:00

barcodename - Winner!

  • Race: Protoss Protoss
  • Spawn Location: 5:00

VOD

Have the link to the VOD?

Description

Neuro analysis

Time

  • Played on: May 23, 2019, 9:29 a.m.
  • Length: 11:53
Show
View Real Time Build Order
Export as new Build Order

WetGranyFuks Zerg 

Build Orders: Hatch First, Roach Hydra 

Get SALT Encoding   

  12  0:01  Drone  
  13  0:14  Overlord  
  13  0:18  Drone  
  14  0:32  Drone x2  
  16  0:49  Hatchery  
  15  0:52  Drone  
  15  0:56  Drone  
  17  0:59  Extractor  
  17  1:01  Drone  
  17  1:17  Spawning Pool  
  16  1:21  Drone  
  16  1:23  Drone  
  18  1:31  Drone  
  19  1:42  Drone  
  20  1:55  Drone  
  21  2:04  Metabolic Boost  
  21  2:07  Queen  
  23  2:10  Overlord  
  23  2:22  Hatchery  
  22  2:26  Queen  
  24  2:34  Drone x3  
  27  2:39  Drone  
  27  2:41  Drone  
  27  2:43  Drone  
  30  2:51  Queen  
  30  2:56  Overlord  
  32  3:03  Drone x3  
  35  3:20  Zergling x4  
  35  3:22  Drone x2  
  39  3:33  Lair  
  39  3:36  Drone x4  
  39  3:39  Overlord x2  
  39  3:40  Queen  
  45  3:46  Drone x3  
  48  3:50  Extractor  
  48  3:52  Extractor  
  42  4:12  Spore Crawler  
  42  4:14  Drone, Spore Crawler x2  
  42  4:15  Drone x9  
  49  4:23  Roach Warren  
  48  4:26  Drone x2  
  48  4:27  Drone  
  51  4:31  Evolution Chamber  
  51  4:33  Evolution Chamber  
  49  4:42  Drone x4  
  49  4:44  Extractor  
  52  4:59  Zerg Ground Armor Level 1, Zerg Missile Weapons Level 1  
  52  5:08  Glial Reconstitution  
  52  5:10  Overlord x2  
  52  5:28  Queen  
  52  5:30  Roach x6  
  52  5:33  Overlord x3  
  66  5:52  Roach x8  
  78  5:57  Roach  
  78  5:58  Roach  
  82  6:05  Overlord  
  78  6:13  Drone x4  
  82  6:22  Overlord x2  
  80  6:44  Queen x3, Hatchery  
  85  6:47  Drone  
  85  6:48  Drone x3  
  89  7:01  Zerg Missile Weapons Level 2, Zerg Ground Armor Level 2  
  89  7:06  Hydralisk Den  
  88  7:18  Drone x3  
  88  7:19  Drone x8  
  99  7:22  Extractor  
  99  7:24  Extractor  
  97  7:59  Queen  
  97  8:01  Hydralisk  
  97  8:02  Hydralisk  
  97  8:03  Grooved Spines, Hydralisk x4  
  111  8:08  Baneling Nest  
  111  8:10  Infestation Pit  
  109  8:16  Overlord x2  
  109  8:17  Overlord x3  
  109  8:20  Drone x3  
  112  8:29  Overlord x5  
  112  8:30  Overseer  
  112  8:31  Overseer  
  112  8:36  Pneumatized Carapace  
  112  8:57  Hydralisk x12  
  136  9:22  Hive  
  136  9:24  Centrifical Hooks  
  136  9:27  Zerg Melee Weapons Level 1  
  136  9:29  Muscular Augments  
  137  9:31  Zergling x20  
  137  9:32  Zergling x12  
  152  9:58  Overlord x4  
  152  10:05  Spire  
  151  10:11  Drone x8  
  159  10:33  Baneling  
  159  10:34  Baneling x17  
  159  10:47  Hydralisk x12  
  159  10:49  Roach x4  
  175  11:09  Hydralisk x2  
  175  11:10  Hydralisk x7  
  114  11:27  Hydralisk x7  
Show
View Real Time Build Order
Export as new Build Order

barcodename Protoss - Winner!

Build Orders: 1 Gate Expand, Oracle Opening, Phoenix Opening, Archon Immortal, Archon Drop 

Get SALT Encoding   

  12  0:00  Probe  
  13  0:13  Probe  
  14  0:18  Pylon  
  14  0:24  Probe  
  15  0:33  Probe  
  15  0:41  Probe  
  15  0:42  Gateway  
  17  0:50  Assimilator  
  17  0:53  Probe  
  18  1:05  Probe  
  19  1:18  Probe  
  20  1:29  Nexus  
  20  1:40  Cybernetics Core  
  20  1:42  Probe  
  21  1:48  Assimilator  
  21  1:54  Probe  
  21  2:00  Pylon  
  22  2:06  Probe  
  22  2:08  Adept  
  23  2:20  Stargate  
  26  2:22  Probe  
  26  2:25  Warp Gate  
  26  2:35  Probe  
  27  2:38  Adept  
  27  2:41  Probe  
  30  2:47  Probe  
  31  2:53  Probe  
  31  2:56  Gateway  
  31  2:58  Oracle  
  32  3:00  Probe  
  33  3:10  Probe  
  36  3:13  Probe  
  36  3:19  Probe  
  38  3:25  Probe  
  40  3:30  Probe, Assimilator  
  40  3:32  Assimilator  
  41  3:35  Phoenix  
  41  3:37  Probe  
  44  3:45  Pylon  
  44  3:50  Robotics Facility, Probe x2  
  46  3:59  Twilight Council  
  46  4:10  Probe x2  
  48  4:17  Pylon  
  48  4:19  Gateway  
  48  4:21  Gateway  
  48  4:27  Probe x2  
  48  4:28  Warp Prism  
  52  4:39  Probe x2  
  52  4:45  Templar Archives  
  54  4:51  Probe x2  
  56  4:56  Pylon  
  56  5:03  Probe x2  
  58  5:11  Nexus  
  58  5:13  Pylon  
  58  5:21  Probe x2  
  58  5:22  High Templar x4  
  58  5:27  Pylon  
  68  5:29  Archon x2  
  68  5:33  Probe x2  
  68  5:34  Forge  
  70  5:37  Forge  
  70  5:45  Probe  
  70  5:46  Probe  
  72  5:58  Probe x2  
  74  6:05  Charge  
  74  6:07  Protoss Ground Armor Level 1, Protoss Ground Weapons Level 1  
  74  6:10  Immortal, Probe x2  
  76  6:21  Gateway  
  76  6:23  Probe x3, Gateway  
  76  6:24  Gateway  
  83  6:25  Gateway  
  83  6:31  Zealot x2  
  87  6:33  Zealot  
  87  6:35  Probe  
  90  6:42  Immortal  
  90  6:43  Probe x2  
  90  6:45  Psionic Storm  
  90  6:46  Robotics Facility  
  96  6:55  Shield Battery  
  96  7:03  High Templar x2  
  100  7:09  Pylon  
  100  7:11  Probe  
  100  7:12  Pylon  
  100  7:13  Pylon  
  100  7:15  Assimilator  
  101  7:17  Pylon, Assimilator  
  101  7:19  Immortal  
  101  7:27  Probe x3  
  101  7:29  Immortal  
  108  7:31  Zealot x4  
  108  7:32  Zealot  
  118  7:39  Pylon  
  122  7:45  High Templar x2  
  126  7:51  Protoss Ground Weapons Level 2  
  126  7:52  Archon  
  126  7:53  Zealot x3  
  132  7:59  Pylon  
  132  8:00  Protoss Ground Armor Level 2  
  132  8:01  Pylon  
  132  8:10  Immortal  
  136  8:13  Zealot x2  
  136  8:17  Pylon  
  136  8:19  Pylon  
  140  8:21  Pylon  
  140  8:25  Zealot x4  
  148  8:34  Pylon  
  148  8:35  High Templar x2  
  148  8:37  Zealot x2  
  148  8:39  Archon  
  156  8:46  Immortal  
  156  8:47  Pylon  
  160  8:51  Immortal  
  164  9:09  Zealot x3  
  170  9:10  Zealot x5  
  170  9:13  Pylon  
  180  9:28  Gateway  
  180  9:30  Gateway  
  180  9:31  Gateway  
  180  9:33  High Templar x4  
  180  9:34  High Templar  
  180  9:37  Archon x2  
  190  9:47  Observer  
  190  9:51  High Templar x2, Zealot  
  196  9:56  Archon  
  197  10:48  Nexus  
  193  10:50  Pylon  
  193  10:54  Pylon  
  193  11:01  Gateway  
  193  11:04  Gateway  
  155  11:06  Gateway  
  155  11:08  Gateway  
  155  11:11  Gateway  
  139  11:12  Zealot x4  
  139  11:13  Zealot x6  
  139  11:14  Zealot  
  132  11:33  High Templar x5  
  132  11:34  High Templar x3  
  132  11:37  Zealot x2  
  144  11:40  Archon x4  
  144  11:45  Zealot  
Tags
 
Add a new tag
Caveats
  • Supply blocks, unpowered buildings, or Contaminate may cause inaccurate times.
  • Supply counts are checked every 10 seconds.